 Dungeon Crawl Stone Soup version 0.30-a0-55-g90e3122c3a (webtiles) character file.

Game seed: 92593446119450939

392 hellse the Magician (level 6, -4/32 HPs)
             Began as a Deep Elf Conjurer on Sept 9, 2022.
             Was a Follower of Vehumet.
             Slain by a gnoll sergeant
             ... wielding a +1 spear of flaming
              (5 damage)
             ... on level 3 of the Dungeon.
             The game lasted 00:06:29 (3760 turns).

hellse the Magician (Deep Elf Conjurer)             Turns: 3760, Time: 00:06:32

Health: -4/32      AC:  3    Str:  4    XL:     6   Next: 51%
Magic:  8/18       EV: 12    Int: 25    God:    Vehumet [*.....]
Gold:   195        SH:  0    Dex: 13    Spells: 12/19 levels left

rFire   . . .      SeeInvis .    g - +1 quarterstaff
rCold   . . .      Faith    .    (shield currently unavailable)
rNeg    . . .      Spirit   .    a - +1 robe
rPois   .          Reflect  .    (no helmet)
rElec   .          Harm     .    (no cloak)
rCorr   .          Rampage  .    (no gloves)
Will    +....                    (no boots)
Stlth   ++........               (no amulet)
HPRegen 0.10/turn                k - ring of willpower
MPRegen 0.16/turn                (no ring)

@: no status effects
A: no striking features
a: Renounce Religion


You were on level 3 of the Dungeon.
You worshipped Vehumet.
Vehumet was aware of your devotion.
You visited 1 branch of the dungeon, and saw 4 of its levels.

You collected 195 gold pieces.

Inventory:

Hand Weapons
 g - a +1 quarterstaff (weapon)
Missiles
 j - 2 throwing nets
Armour
 a - a +1 robe (worn)
Jewellery
 k - a ring of willpower (left hand)
Scrolls
 e - a scroll of teleportation {unknown}
Potions
 b - 2 potions of magic
 c - 2 potions of curing
 i - a potion of resistance {unknown}
 m - a potion of degeneration {unknown}
 n - a potion of might {unknown}


   Skills:
 - Level 2.4 Dodging
 - Level 2.4 Stealth
 - Level 7.3 Spellcasting
 + Level 6.5 Conjurations


You had 12 spell levels left.
You knew the following spells:

 Your Spells              Type           Power      Damage    Failure   Level
a - Magic Dart            Conj           100%       1d8       1%          1
b - Searing Ray           Conj           82%        2d7       1%          2
c - Iskenderun's Mystic   Conj/Tloc      25%        2d7       17%         4

Your spell library contained the following spells:

 Spells                   Type           Power      Damage    Failure   Level
 Foxfire                  Conj/Fire      100%       2x1d9     1%          1
 Dazzling Flash           Conj/Hex       50%        N/A       4%          3
 Sublimation of Blood     Necr           9%         N/A       10%         2
 Wereblood                Tmut           9%         N/A       10%         2
 Fulminant Prism          Conj/Hex       12%        3d9       17%         4
 Summon Hydra             Summ           4%         N/A       100%        7


Dungeon Overview and Level Annotations

Branches:
Dungeon (4/15)
 Temple: D:4-7

Altars:
Sif Muna
Vehumet

Shops:
D:4 [

Annotations:
D:3 1 runed translucent door, Crazy Yiuf


Message History

Vehumet accepts your kill.
You hear a shout!
An orc comes into view. It is wielding a +0 mace.
You hear a shout! x2
You hear a shout! x2
The searing ray hits the orc!
You kill the orc!
Vehumet accepts your kill.
You finish channelling your searing ray.
Things that are here:
a +0 halberd; a gnoll corpse
There is an open door here.
Items here: ( ))) ††.
You start resting.
A gnoll sergeant comes into view. It is wielding a +1 spear of flaming.
A gnoll sergeant is nearby!
A gnoll sergeant is nearby!
Casting: Searing Ray (safe; 1% risk of failure)
Confirm with . or Enter, or press ? or * to list all spells.
Aiming: Searing Ray (safe; 1% risk of failure)
Press: ? - help, Shift-Dir - straight line, f - gnoll sergeant
Aim: a gnoll sergeant, wielding a +1 spear of flaming and wearing a +0 scale mail (wandering, hasn't noticed you, 87% to hit)
The searing ray hits the gnoll sergeant.
The gnoll sergeant is lightly wounded. (Press . to maintain the ray.)
The searing ray hits the gnoll sergeant.
The gnoll sergeant is lightly wounded.
The gnoll sergeant hits you from afar with a +1 spear of flaming.
The gnoll sergeant burns you.
The searing ray hits the gnoll sergeant.
The gnoll sergeant is lightly wounded.
The gnoll sergeant hits you from afar with a +1 spear of flaming!
The gnoll sergeant burns you.
The searing ray hits the gnoll sergeant.
The gnoll sergeant is moderately wounded.
You finish channelling your searing ray.
The gnoll sergeant hits you from afar with a +1 spear of flaming!
* * * LOW HITPOINT WARNING * * *
The gnoll sergeant burns you.
You die...

.#
########.##########..####..#
.#
#.....P..............).)....
+#
#....~~~~~~≈≈~~~~~~~≈~~≈.)).
#[...~≈~≈≈≈≈≈≈~≈≈≈≈~≈≈≈~...)
#....~≈#####~~~~~≈~≈~~~~...)
#....~~#...#.............)..
#....~≈ ...#############''''
#...P~≈ #'#...........#....
#....~≈ #.@)).).......'....
#.#...........#....
#g#################
#..)...g. #).....#$ #.###'##
#)# ...# #.# ..# #'# .'.


You could see a gnoll sergeant.

Vanquished Creatures
  2 hounds (D:3)
  An orc wizard (D:3)
  14 gnolls (D:3)
  3 adders
  3 worms
  3 dart slugs
  18 orcs (D:3)
  5 bats
  5 endoplasms
  5 giant cockroaches
  6 goblins
  5 hobgoblins
  21 jackals
  5 kobolds
  2 quokkas (D:1)
  6 ball pythons
  5 frilled lizards
  5 rats
114 creatures vanquished.

Notes
Turn   | Place    | Note
-------+----------+-------------------------------------------
     0 | D:1      | hellse the Deep Elf Conjurer began the quest for the Orb.
     0 | D:1      | Reached XP level 1. HP: 10/10 MP: 6/6
   205 | D:1      | Reached XP level 2. HP: 15/15 MP: 6/8
   228 | D:1      | Reached skill level 5 in Conjurations
   356 | D:1      | Learned a level 2 spell: Searing Ray
   675 | D:1      | Reached XP level 3. HP: 19/19 MP: 7/9
  1020 | D:2      | Found a shimmering blue altar of Sif Muna.
  1408 | D:2      | Reached XP level 4. HP: 24/24 MP: 8/10
  1481 | D:2      | Found a faded altar of an unknown god.
  1895 | D:3      | Reached skill level 4 in Spellcasting
  2203 | D:4      | Found Zeprut's Antique Armour Shop.
  2324 | D:4      | Learned a level 4 spell: Iskenderun's Mystic Blast
  2413 | D:4      | Found a radiant altar of Vehumet.
  2451 | D:4      | Became a worshipper of Vehumet
  2540 | D:3      | Found a runed translucent door.
  2541 | D:3      | Noticed Crazy Yiuf
  2605 | D:3      | Reached XP level 5. HP: 28/28 MP: 4/14
  2612 | D:3      | Reached skill level 5 in Spellcasting
  2938 | D:3      | Reached skill level 6 in Spellcasting
  3172 | D:3      | Reached * piety under Vehumet
  3172 | D:3      | Offered knowledge of Foxfire by Vehumet.
  3188 | D:3      | Reached XP level 6. HP: 13/32 MP: 3/17
  3273 | D:3      | Reached skill level 7 in Spellcasting
  3760 | D:3      | HP: 1/32 [gnoll sergeant/+1 spear of flaming (10)]
  3760 | D:3      | Slain by a gnoll sergeant

Illustrated notes

Levels and vault maps discovered:
D:1:      mrwooster_arrival_arrow, layout_rooms
D:2:      layout_rooms, basic_altar, hellmonk_ecumenical_altar_dog_temple
D:3:      lemuel_castle_with_subvaults [lemuel_castle_interior_carwin_1],
          layout_loops_corners, mainiacjoe_overflow_tiny_flanked,
          uniq_crazy_yiuf_cottage
D:4:      layout_gridville, mainiacjoe_overflow_alcove_2, serial_shops,
          nicolae_shop_hallway_plus

Skill      XL: |  1  2  3  4  5  6 |
---------------+-------------------+-----
Conjurations   | 5 6 |  6.5
Spellcasting   | 4 6 7 |  7.3
Dodging        | |  2.4
Stealth        | |  2.4

Action                   |  1- 3 |  4- 6 || total
-------------------------+-------+-------++-------
Melee: Quarterstaff      |       |     9 ||     9
 Cast: Magic Dart        |    81 |   118 ||   199
       Searing Ray       |       |    19 ||    19
  Use: Scroll            |       |     7 ||     7
       Potion            |       |     3 ||     3
Armor: Robe              |       |     3 ||     3
       Skin              |       |     2 ||     2
Dodge: Dodged            |     1 |    20 ||    21

Table legend: (Time is in decaauts)
 A = Elapsed time spent in this place.
 B = Non-inter-level travel time spent in this place.
 C = Inter-level travel time spent in this place.
 D = Time resting spent in this place.
 E = Time spent auto-exploring this place.
 F = Levels seen in this place.
 G = Mean time per level.
                   A        B        C        D        E       F      G
               +--------+--------+--------+--------+--------+-----+--------+
         Total |   3764 |   3700 |     64 |   1084 |   2081 |   4 |  941.0 |
       Dungeon |   3764 |   3700 |     64 |   1084 |   2081 |   4 |  941.0 |
               +--------+--------+--------+--------+--------+-----+--------+

Top non-repeatable levels by time:
     D:3: 1575 daAuts
     D:1: 1019 daAuts
     D:2: 610 daAuts
     D:4: 558 daAuts
